 Dungeon Crawl Stone Soup version 0.28-a0-664-gc179e30c89 (webtiles) character file.

Game seed: 2707228790206546919

0 spiderkeys the Skirmisher (level 1, -18/23 HPs)
             Began as a Gnoll Abyssal Knight on Oct 15, 2021.
             Was a Follower of Lugonu.
             Demolished by a small abomination (21 damage)
             ... on level 1 of the Abyss.
             The game lasted 00:00:25 (99 turns).

spiderkeys the Skirmisher (Gnoll Abyssal Knight)      Turns: 99, Time: 00:00:26

Health: -18/23     AC:  3    Str: 12    XL:     1   Next: 0%
Magic:  3/3        EV: 12    Int:  9    God:    Lugonu [*.....]
Gold:   1          SH:  0    Dex: 12    Spells: 0/0 levels left

rFire   . . .      SeeInvis .   a - +1 spear
rCold   . . .      Faith    .   (no shield)
rNeg    . . .      Spirit   .   b - +0 leather armour
rPois   .          Reflect  .   (no helmet)
rElec   .          Harm     .   (no cloak)
rCorr   .          Rampage  .   (no gloves)
Will    .....                   (no boots)
Stlth   +.........              (no amulet)
HPRegen 0.07/turn               (no ring)
MPRegen 0.08/turn               (no ring)

@: no status effects
A: fangs 1, strong nose, distributed training
a: Renounce Religion, Depart the Abyss


You were on level 1 of the Abyss.
You worshipped Lugonu.
Lugonu was aware of your devotion.
You visited 0 branches of the dungeon, and saw 0 of its levels.
You visited the Abyss 1 time.

You collected 1 gold pieces.


Innate Abilities, Weirdness & Mutations

You have very sharp teeth.
Your uncanny sense of smell can sniff out nearby items.
Your experience applies equally to all skills.


   Skills:
 + Level 6.4 Fighting
 + Level 0.0 Short Blades
 + Level 0.0 Long Blades
 + Level 0.0 Axes
 + Level 0.0 Maces & Flails
 + Level 4.4 Polearms
 + Level 0.0 Staves
 + Level 0.0 Slings
 + Level 0.0 Bows
 + Level 0.0 Crossbows
 + Level 0.0 Throwing
 + Level 4.4 Armour
 + Level 2.3 Dodging
 + Level 0.0 Stealth
 + Level 0.0 Shields
 + Level 0.0 Unarmed Combat
 + Level 0.0 Spellcasting
 + Level 0.0 Conjurations
 + Level 0.0 Hexes
 + Level 0.0 Summonings
 + Level 0.0 Necromancy
 + Level 0.0 Translocations
 + Level 0.0 Transmutations
 + Level 0.0 Fire Magic
 + Level 0.0 Ice Magic
 + Level 0.0 Air Magic
 + Level 0.0 Earth Magic
 + Level 0.0 Poison Magic
 + Level 4.4 Invocations
 + Level 0.0 Evocations


You couldn't memorise any spells.
You didn't know any spells.
Your spell library was empty.

Inventory:

Hand Weapons
 a - a +1 spear (weapon)
Armour
 b - a +0 leather armour (worn)

Dungeon Overview and Level Annotations

Branches:
Dungeon (0/15)

Altars:

..# .. .. .
.#### #.#.#
##...# #
##.@## .##
#..#x# ..#
#.#..555## ##
#.
####Z#.#..# #
#.3....#
#Z.##.##
#..#...#.#...
#.....#..# .
#..#####.# ##


You could see a small abomination (ally target), a friendly ynoxinul (summoned),
a friendly quasit (summoned), 2 friendly ufetubi and a friendly six-headed hydra
skeleton (summoned).


Message History

🤖 Initializing magus.rc ...
Options error: Delay interrupt name "hungry" not recognised. (~/.crawlrc:4988) ✅ Successfully initialized magus.rc [v1.9.10] Welcome, spiderkeys the Gnoll Abyssal Knight.
It is said that the Orb of Zot exists deep within this dungeon.
Lugonu says: Depart the Abyss and spread corruption, my servant! (use the ability menu to exit the Abyss) Press ? for a list of commands and other information.
Found a corrupted altar of Lugonu.
There is a corrupted altar of Lugonu here.
There is a corrupted altar of Lugonu here.
There is a corrupted altar of Lugonu here.
Found a gateway leading out of the Abyss.
There is a gateway leading out of the Abyss here.
You now have 1 gold piece.
Found a gateway leading out of the Abyss.
A large abomination bursts from nowhere.
A small abomination comes into view.
The small abomination closely misses you.
There is a gateway leading out of the Abyss here.
The small abomination hits you! 😮 HP[-10]
You take 10 damage, and now have 13/23 hp.
MASSIVE DAMAGE!! (PAUSE)
The small abomination barely misses you. 😮 HP[+1]
The small abomination misses you. The small abomination hits you.
* * * LOW HITPOINT WARNING * * *
😨 HP[-6]
You take 6 damage, and now have 8/23 hp.
MASSIVE DAMAGE!! (PAUSE)
The small abomination misses you.
You see here a scroll labelled USASUXITUH.
As you read the scroll labelled USASUXITUH, it crumbles to dust.
Wisps of shadow whirl around you...
It was a scroll of summoning.
The small abomination barely misses you.
The small abomination hits you.
* * * LOW HITPOINT WARNING * * *
😱 HP[-6]
You take 6 damage, and now have 2/23 hp.
MASSIVE DAMAGE!! (PAUSE)
Your quasit barely misses the small abomination.
Your quasit claws the small abomination but does no damage. x2
Your ufetubus barely misses the small abomination.
Your ufetubus misses the small abomination.
Your quasit bites the small abomination but does no damage.
Your quasit claws the small abomination but does no damage. x2
Your quasit bites the small abomination.
Your quasit closely misses the small abomination.
Your quasit claws the small abomination but does no damage.
Your ynoxinul gestures.
The small abomination hits you!!
Ouch! That really hurt!
You die...

Action                   || total
-------------------------++-------
  Use: Scroll            ||     1
Dodge: Dodged            ||     5

Levels and vault maps discovered:
Abyss:1:  base: Temple, base:
Temple

Notes
Turn   | Place    | Note
-------+----------+-------------------------------------------
     0 | Abyss:1  | spiderkeys the Gnoll Abyssal Knight began the quest for the
                  | Orb.
     0 | Abyss:1  | Reached XP level 1. HP: 23/23 MP: 3/3
     0 | Abyss:1  | magus.rc [v1.9.10]
    76 | Abyss:1  | Noticed a large abomination
    79 | Abyss:1  | Noticed a small abomination
    96 | Abyss:1  | HP: 2/23 [small abomination (6)]
    99 | Abyss:1  | Demolished by a small abomination

Vanquished Creatures (others)
  A demonic plant (Abyss:1)
1 creature vanquished.

Table legend:
 A = Non-vault XP
 B = Vault XP
 C = Vault XP percentage of total XP
 D = Non-vault monster count
 E = Vault monster count
 F = Vault count percentage of total count
                 A         B        C        D         E       F
            +---------+---------+-------+---------+---------+-------
      Total |       0 |       0 |   N/A |       0 |       0 |  -nan
            +---------+---------+-------+---------+---------+-------
            +---------+---------+-------+---------+---------+-------

Illustrated notes

Table legend: (Time is in decaauts)
 A = Elapsed time spent in this place.
 B = Non-inter-level travel time spent in this place.
 C = Inter-level travel time spent in this place.
 D = Time resting spent in this place.
 E = Time spent auto-exploring this place.
 F = Levels seen in this place.
 G = Mean time per level.
                   A        B        C        D        E       F      G
               +--------+--------+--------+--------+--------+-----+--------+
         Total |     99 |     99 |      0 |      0 |     74 |   1 |   99.0 |
         Abyss |     99 |     99 |      0 |      0 |     74 |   1 |   99.0 |
               +--------+--------+--------+--------+--------+-----+--------+

Top non-repeatable levels by time:
 Abyss:1: 99 daAuts
